 Dungeon Crawl Stone Soup version 0.28.0-45-g0d030f2227 (webtiles) character file.

Game seed: 4715452677820557716

84 zeratav the Insei (level 4, -3/29 HPs)
             Began as an Octopode Transmuter on Apr 7, 2022.
             Slain by a gnoll
             ... wielding a +2 whip of venom
              (7 damage)
             ... on level 2 of the Dungeon.
             The game lasted 00:02:44 (1921 turns).

zeratav the Insei (Octopode Transmuter)             Turns: 1921, Time: 00:02:45

Health: -3/29      AC:  1    Str:  9    XL:     4   Next: 46%
Magic:  7/7        EV: 13    Int: 15    God:
Gold:   45         SH:  0    Dex: 14    Spells: 6/7 levels left

rFire   . . .      SeeInvis .   f - +2 dagger (drain) {short}
rCold   . . .      Faith    .   (no shield)
rNeg    . . .      Spirit   .   (helmet restricted)
rPois   .          Reflect  .   (no amulet)
rElec   .          Harm     .   (no ring)
rCorr   .          Rampage  .   (no ring)
Will    .....                   (no ring)
Stlth   +++.......              (no ring)
HPRegen 0.09/turn               (no ring)
MPRegen 0.10/turn               (no ring)
                                (no ring)
                                (no ring)

@: no status effects
A: almost no armour, amphibious, 8 rings, camouflage 1, gelatinous body 1,
(nimble swimmer 1), tentacles
a: no special abilities


You were on level 2 of the Dungeon.
You visited 1 branch of the dungeon, and saw 2 of its levels.

You collected 45 gold pieces.


Innate Abilities, Weirdness & Mutations

You cannot wear most types of armour.
You are amphibious.
You can wear up to eight rings at the same time.
Your skin changes colour to match your surroundings (Stealth+).
Your rubbery body absorbs attacks. (AC +1, EV +1)
((You are camouflaged when in or above water. (Stealth+)))
You have tentacles for arms and can constrict up to eight enemies at once.


   Skills:
 + Level 1.9 Fighting
 + Level 2.5 Dodging
 + Level 2.0 Stealth
 * Level 3.8 Unarmed Combat
 - Level 2.0 Spellcasting
 + Level 2.5 Transmutations


You had 6 spell levels left.
You knew the following spells:

 Your Spells              Type           Power      Damage    Failure   Level
a - Beastly Appendage     Tmut           18%        N/A       8%          1

Your spell library contained the following spells:

 Spells                   Type           Power      Damage    Failure   Level
 Wereblood                Tmut           9%         N/A       12%         2
 Spider Form              Tmut/Pois      5%         N/A       36%         3
 Ice Form                 Ice/Tmut       5%         N/A       78%         4

Inventory:

Hand Weapons
 a - a +0 hand crossbow {crossbow}
   (You found it on level 1 of the Dungeon)
 f - a +2 dagger of draining (weapon) {short}
   (You took it off a goblin on level 2 of the Dungeon)
Scrolls
 c - a scroll of identify {unknown}
 d - a scroll of fog {unknown}
Potions
 b - a potion of cancellation {unknown}
 e - a potion of curing {unknown}
 g - a potion of might {unknown}

Dungeon Overview and Level Annotations

Branches:
Dungeon (2/15)

Altars:

..#####...........#....
#.#[..............#....
###.#.##............#....
#.....#.............#....
#.....#.............#....
#.....#.............#....
+.....#.......g.g........
#.....####.#############.
##..#...@g.# .
#..######## #†.#
#..######
#####+###........
#.........#######
#.........# #.........#
#.........##


You could see a gnoll.


Message History

An adder is nearby!
An adder comes into view.
The adder moves out of view.
No target in view!
The adder hisses angrily.
The adder closely misses you.
You closely miss the adder. Your grab misses the adder.
Your squeeze misses the adder. The adder barely misses you.
There are monsters nearby!
You closely miss the adder. Your grab misses the adder.
Your tentacle spike disappears.
The adder bites you. The adder barely misses you.
HP[-2]
You take 2 damage, and now have 21/23 hp.
You hit the adder. You drain the adder. Your grab misses the adder.
You squeeze the adder.
You kill the adder!
HP[+1]
You now have 24 max hp (+1).
You hit the adder. Your grab misses the adder. The adder bites you.
You are poisoned.
The adder poisons you! The adder misses you.
HP[-2]
You take 2 damage, and now have 20/24 hp.
You closely miss the adder. Your grab misses the adder.
You feel sick. The adder bites you.
HP[-4]
You take 4 damage, and now have 16/24 hp.
You hit the adder. Your grab misses the adder. You squeeze the adder.
You feel sick. The adder closely misses you.
HP[-1]
You take 1 damage, and now have 15/24 hp.
You hit the adder.
You kill the adder!
You feel sick.
You have reached level 4!
HP[+2] MP[+1]
You now have 29 max hp (+5).
You regained 2 hp, and now have 17/29 hp.
Your mp is fully restored (7).
You start resting.
You feel sick. x4
You are no longer poisoned.
HP[+12]
Your hp is fully restored (29).
You start waiting.
Done waiting.
You see here an adder skeleton.
g - a blue potion You now have 24 gold pieces (gained 11).
A bat comes into view.
The bat hits you.
HP[-1]
You take 1 damage, and now have 28/29 hp.
You hit the bat. Your grab misses the bat. You squeeze the bat.
You kill the bat!
You see here a bat corpse.
You now have 33 gold pieces (gained 9).
HP[+1]
Your hp is fully restored (29).
You now have 45 gold pieces (gained 12).
A gnoll comes into view.
It is wielding a +0 whip. 2 gnolls come into view.
A gnoll is wielding a +2 whip of venom.
The gnoll shouts!
The gnoll shouts!
You hit the gnoll but do no damage. Your grab misses the gnoll.
Your squeeze misses the gnoll. The gnoll closely misses you.
You barely miss the gnoll. Your grab misses the gnoll.
Your squeeze misses the gnoll. The gnoll hits you with a +0 whip.
HP[-5]
You take 5 damage, and now have 24/29 hp.
You barely miss the gnoll. Your grab misses the gnoll.
The gnoll hits you with a +0 whip.
HP[-3]
You take 3 damage, and now have 21/29 hp.
You closely miss the gnoll. You grab the gnoll. You constrict the gnoll.
The gnoll hits you with a +0 whip.
HP[-6]
You take 6 damage, and now have 15/29 hp.
MASSIVE DAMAGE!! (PAUSE)
You hit the gnoll.
You constrict the gnoll, but do no damage.
The gnoll closely misses you.
You hit the gnoll. You drain the gnoll.
You kill the gnoll!
You hit the gnoll but do no damage. You grab the gnoll. You squeeze the gnoll.
You constrict the gnoll. The gnoll hits you with a +0 whip.
* * * LOW HITPOINT WARNING * * *
HP[-5]
You take 5 damage, and now have 10/29 hp.
You hit the gnoll. You constrict the gnoll. The gnoll hits you with a +0 whip!
* * * LOW HITPOINT WARNING * * *
HP[-7]
You take 7 damage, and now have 3/29 hp.
MASSIVE DAMAGE!! (PAUSE)
You hit the gnoll. You squeeze the gnoll.
You kill the gnoll!
Your Stealth skill increases to level 2!
You hit the gnoll. You grab the gnoll. You constrict the gnoll.
The gnoll hits you with a +2 whip of venom!
You die...

Skill      XL: |  1  2  3  4 |
---------------+-------------+-----
Stealth        | 1 2 |  2.0
Fighting       | |  1.9
Dodging        | |  2.5
Unarmed Combat | |  3.8
Spellcasting   | |  2.0
Transmutations | |  2.5

Action                   |  1- 3 |  4- 6 || total
-------------------------+-------+-------++-------
Melee: Unarmed           |    61 |       ||    61
       Kick              |    17 |       ||    17
       Constrict         |    18 |     3 ||    21
       Tentacles         |    16 |     3 ||    19
       Punch             |     4 |       ||     4
       Dagger            |     8 |    11 ||    19
 Cast: Beastly Appendage |    22 |       ||    22
 Stab: Sleeping          |     6 |       ||     6
Armor: Skin              |     5 |       ||     5
Dodge: Dodged            |    31 |     2 ||    33

Levels and vault maps discovered:
D:1:      psy_arrival_dodecagon, layout_basic,
          dreamdust_ecumenical_altar_drowned_temple, corexii_hall_statues_s
D:2:      minmay_evil_eye, layout_basic

Notes
Turn   | Place    | Note
-------+----------+-------------------------------------------
     0 | D:1      | zeratav the Octopode Transmuter began the quest for the
                  | Orb.
     0 | D:1      | Reached XP level 1. HP: 13/13 MP: 3/3
     0 | D:1      | magus.rc [v1.9.6]
   168 | D:1      | HP: 1/13 [hobgoblin (3)]
   173 | D:1      | Reached XP level 2. HP: 2/18 MP: 3/5
   222 | D:1      | HP: 4/18 [bat (1)]
   752 | D:1      | Reached skill level 1 in Stealth
   946 | D:1      | Reached XP level 3. HP: 23/23 MP: 4/6
  1001 | D:1      | Found a faded altar of an unknown god.
  1584 | D:2      | Reached XP level 4. HP: 17/29 MP: 7/7
  1919 | D:2      | HP: 3/29 [gnoll/+0 whip (7)]
  1921 | D:2      | Reached skill level 2 in Stealth
  1921 | D:2      | Slain by a gnoll

Vanquished Creatures
  2 gnolls (D:2)
  2 adders (D:2)
  2 dart slugs (D:1)
  A ball python (D:2)
  4 endoplasms (D:1)
  A giant cockroach (D:1)
  5 goblins
  8 hobgoblins (D:1)
  3 jackals (D:1)
  5 bats
  A frilled lizard (D:1)
  4 kobolds (D:1)
  A rat (D:1)
  A spectral goblin (D:1)
40 creatures vanquished.

Table legend:
 A = Non-vault XP
 B = Vault XP
 C = Vault XP percentage of total XP
 D = Non-vault monster count
 E = Vault monster count
 F = Vault count percentage of total count
                 A         B        C        D         E       F
            +---------+---------+-------+---------+---------+-------
      Total |     120 |       1 |   0.8 |      39 |       1 |   2.5
            +---------+---------+-------+---------+---------+-------
        D:1 |      60 |       1 |   1.6 |      32 |       1 |   3.0
        D:2 |      60 |       0 |   0.0 |       7 |       0 |   0.0
            +---------+---------+-------+---------+---------+-------

Illustrated notes

Table legend:
 A = Kills in this place as a percentage of kills in entire the game.
 B = Kills by you in this place as a percentage of kills by you in the entire game.
 C = Kills by friends in this place as a percentage of kills by friends in the entire game.
 D = Other kills in this place as a percentage of other kills in the entire game.
 E = Experience gained in this place as a percentage of experience gained in the entire game.
 F = Experience gained in this place divided by the number of levels of this place that you have seen.
                   A       B       C       D       E      F
               +-------+-------+-------+-------+-------+----------------------
         Total | 100.0 | 100.0 |   N/A |   N/A | 100.0 |  60.5
       Dungeon | 100.0 | 100.0 |   N/A |   N/A | 100.0 |  60.5
               +-------+-------+-------+-------+-------+----------------------

Table legend: (Time is in decaauts)
 A = Elapsed time spent in this place.
 B = Non-inter-level travel time spent in this place.
 C = Inter-level travel time spent in this place.
 D = Time resting spent in this place.
 E = Time spent auto-exploring this place.
 F = Levels seen in this place.
 G = Mean time per level.
                   A        B        C        D        E       F      G
               +--------+--------+--------+--------+--------+-----+--------+
         Total |   1916 |   1857 |     59 |    538 |   1039 |   2 |  958.0 |
       Dungeon |   1916 |   1857 |     59 |    538 |   1039 |   2 |  958.0 |
               +--------+--------+--------+--------+--------+-----+--------+

Top non-repeatable levels by time:
     D:1: 1515 daAuts
     D:2: 400 daAuts
